[Event "17th Delhi GM Open 2019-B"]
[Site "Delhi"]
[Date "2019.01.10"]
[Round "5"]
[White "Dupit Tabu"]
[Black "Ashish Raj"]
[Result "1/2-1/2"]
[ECO "D73"]
[WhiteElo "1821"]
[BlackElo "1724"]
[Annotator "NA RC"]
[PlyCount "107"]
[EventDate "2019.01.09"]
[EventType "swiss"]
[EventCountry "IND"]
[SourceTitle "playchess.com"]
[Source "ChessBase"]
[SourceQuality "1"]
[TimeControl "3600+30"]

1. d4 d5 2. Nf3 Nf6 3. g3 g6 4. Bg2 Bg7 5. c4 e6 {[%emt 0:00:00] LiveBook: 122 Games D73: Fianchetto Grünfeld: 5 Nf3} (5... dxc4 6. Qa4+ Nfd7 7. Nbd2 O-O 8. Nxc4 c5 9. dxc5 Nxc5 10. Qa3 Nba6 11. Bf4 Be6 12. Rc1 b5 13. Nce5 Rc8 14. O-O b4 {½-½ (46) Bu,X (2712)-Shankland,S (2727) Danzhou 2018}) 6. Bg5 h6 $146 ({Predecessor:} 6... O-O 7. O-O Nbd7 8. Nc3 c5 9. Rc1 b6 10. b3 Bb7 11. Ne5 Rc8 12. Qd2 {½-½ (67) Novello,J-Novello,G Florianopolis 2017}) 7. Bd2 O-O 8. Nc3 Ne4 9. Be3 c5 10. cxd5 exd5 11. O-O Nxc3 12. bxc3 c4 13. Ne5 Nc6 14. Qd2 Kh7 15. Rab1 f6 16. Nxc6 bxc6 17. Bf4 Bf5 18. Rb7 g5 19. Be3 (19. e4 $5 Bxe4 20. Bxe4+ dxe4 21. Be3 $11) 19... Qc8 20. Rb2 Rb8 21. f3 Qa6 22. Qc1 Qa3 23. Rxb8 Qxc1 24. Bxc1 Rxb8 25. e4 Bg6 26. Re1 Rb1 27. Kf2 Ra1 28. a3 Bf8 29. exd5 cxd5 30. Bh3 Bf7 31. Bf5+ Kg8 32. h4 Bxa3 33. Bxa3 Rxa3 34. Rc1 Kf8 35. Ke3 Ke7 36. hxg5 hxg5 37. f4 a5 ({Black should play} 37... Be6 $19 38. Bg6 a5) 38. Kd2 Ra2+ 39. Rc2 Rxc2+ 40. Kxc2 $1 Be6 (40... gxf4 $17 41. gxf4 Be6) 41. Bg6 $1 Bf7 42. Bf5 Be6 43. Bg6 Kf8 44. f5 Bf7 45. Bxf7 Kxf7 46. g4 Ke7 47. Kb2 Kd7 48. Ka3 Kc7 49. Ka2 Kb6 50. Ka3 Kb5 51. Ka2 Ka6 52. Kb2 Kb5 53. Ka3 Ka6 $11 54. Kb2 1/2-1/2

[Event "17th Delhi GM Open 2019-B"]
[Site "Delhi"]
[Date "2019.01.10"]
[Round "5"]
[White "Sharsha Backer"]
[Black "Pawar, Harshit"]
[Result "1/2-1/2"]
[ECO "D36"]
[WhiteElo "1812"]
[BlackElo "1719"]
[Annotator "NA RC"]
[PlyCount "81"]
[EventDate "2019.01.09"]
[EventType "swiss"]
[EventCountry "IND"]
[SourceTitle "playchess.com"]
[Source "ChessBase"]
[SourceQuality "1"]
[TimeControl "3600+30"]

1. d4 d5 2. c4 e6 3. Nc3 Nf6 4. cxd5 exd5 5. Bg5 Be7 {[%emt 0:00:00] LiveBook: 4046 Games} 6. e3 c6 7. Bd3 O-O 8. Qc2 h6 9. Bh4 Bg4 {[%emt 0:00:00] D36: Queen's Gambit Declined: Exchange Variation: Main line (5 Bg5 c6 6 Qc2)} (9... Re8 10. Nge2 Nh5 11. Bxe7 Qxe7 12. h3 a5 13. a3 Nd7 14. Na4 Qh4 15. g3 Qd8 16. g4 Nhf6 17. Ng3 Nf8 18. O-O-O {1-0 (67) Caruana,F (2799)-Kramnik,V (2803) Douglas 2017}) 10. h3 Be6 11. Nf3 b5 $146 ({Predecessor:} 11... Nbd7 12. O-O a6 13. Rab1 Qc7 14. b4 b5 15. Bxf6 Nxf6 16. a4 Rfb8 17. Rfc1 {1-0 (43) Raluy Lopez,M (1886)-Reyes Cortes,R (1535) ICCF email 2015}) 12. a4 bxa4 13. Rxa4 Nbd7 14. O-O Nb6 ({Black should play} 14... a5) 15. Ra6 Bc8 16. Ra2 a5 17. Ne5 Bb7 18. Rfa1 Bb4 19. Na4 Nxa4 20. Rxa4 g5 21. Bg3 ({Avoid the trap} 21. Nxc6 $2 Bxc6 22. Qxc6 Rc8 $19) 21... Qb6 (21... Qe7 $16 {was worth a try.} 22. Nxc6 Bxc6 23. Qxc6 Rac8) 22. h4 Kg7 $2 (22... c5 $16 23. dxc5 Bxc5) 23. Qe2 (23. hxg5 $142 hxg5 24. f4) 23... Bc8 (23... c5 $142 24. hxg5 hxg5) 24. Rc1 c5 25. dxc5 Bxc5 26. hxg5 hxg5 27. Nf3 Bd7 $11 {[%emt 0:00:02] keeps the balance.} 28. Raa1 (28. Nxg5 Bxe3 29. fxe3 Bxa4) 28... Bg4 29. Ra4 Rfe8 30. Qc2 (30. Rxg4 $14 Nxg4 31. Nxg5) 30... Rac8 31. Bf5 (31. Qd1 $15) 31... Bxe3 $1 32. Bxc8 Rxc8 33. Qxc8 $2 (33. Bc7 $17 Bxc1 34. Qxc1 Rxc7 35. Qxg5+ Kf8 36. Ne5) 33... Bxc8 34. Rxc8 Ne4 35. Be5+ f6 36. fxe3 Qxe3+ 37. Kh2 $11 fxe5 38. Rc7+ Kf6 39. Rxa5 Qf4+ 40. Kg1 Qe3+ 41. Kh2 1/2-1/2

[Event "17th Delhi GM Open 2019-B"]
[Site "Delhi"]
[Date "2019.01.10"]
[Round "5"]
[White "Praloy Sahoo"]
[Black "Gupta, Rajesh R.S."]
[Result "1/2-1/2"]
[ECO "B91"]
[WhiteElo "1795"]
[BlackElo "1605"]
[Annotator "NA RC"]
[PlyCount "71"]
[EventDate "2019.01.09"]
[EventType "swiss"]
[EventCountry "IND"]
[SourceTitle "playchess.com"]
[Source "ChessBase"]
[SourceQuality "1"]
[TimeControl "3600+30"]

1. e4 c5 2. Nf3 d6 3. d4 cxd4 4. Nxd4 Nf6 5. Nc3 a6 6. g3 e5 7. Nde2 Be7 8. Bg2 O-O 9. O-O Be6 10. h3 b5 11. a3 Nbd7 12. g4 Nb6 13. Bg5 Rc8 14. Ng3 Nc4 15. b3 Nxa3 16. Rxa3 Rxc3 17. Rxa6 Qc8 18. Ra2 Rd8 19. Bd2 Rc6 20. Bb4 Ra6 21. Rxa6 Qxa6 22. Qd3 g6 23. Rd1 Qc6 24. Bf1 Ne8 25. Ne2 Rc8 26. Nc3 Bd7 27. Qxb5 Qxb5 28. Nxb5 Rxc2 29. Rd2 Rc1 30. Nc3 Be6 31. Rb2 h5 32. f3 hxg4 33. hxg4 Bd8 34. Kg2 Bb6 35. Ne2 Rc8 36. Be1 1/2-1/2

[Event "17th Delhi GM Open 2019-B"]
[Site "Delhi"]
[Date "2019.01.10"]
[Round "5"]
[White "Tajane Ganesh"]
[Black "Koustav Chakraborty"]
[Result "1/2-1/2"]
[ECO "B21"]
[WhiteElo "1743"]
[BlackElo "1898"]
[Annotator "NA RC"]
[PlyCount "63"]
[EventDate "2019.01.09"]
[EventType "swiss"]
[EventCountry "IND"]
[SourceTitle "playchess.com"]
[Source "ChessBase"]
[SourceQuality "1"]
[TimeControl "3600+30"]

1. e4 c5 2. d4 cxd4 3. c3 dxc3 4. Nxc3 Nc6 5. Nf3 d6 6. Bc4 Nf6 7. O-O e6 8. Qe2 {[%emt 0:00:00] LiveBook: 96 Games} Be7 9. Rd1 e5 10. Be3 O-O 11. b4 {[%emt 0:00:00] B21: Sicilian: 2 f4 and Morra Gambit} (11. Rac1 Be6 12. b4 Bg4 13. b5 Na5 14. Bd5 Qd7 15. h3 Bh5 16. a4 Rfc8 17. Ba2 b6 18. Nd5 Nxd5 19. Bxd5 Rxc1 20. Bxc1 Rd8 21. Ba3 {½-½ (21) Grigoryev,V (2503)-Voll,A (2556) ICCF email 2011}) 11... a6 12. h3 b5 13. Bb3 Be6 14. Bxe6 $146 ({Predecessor:} 14. Nd5 Bxd5 15. exd5 Nxb4 16. a3 Nbxd5 17. Bxd5 Nxd5 18. Rxd5 Qc8 19. Ng5 f5 20. Rc1 Qb7 21. Qa2 Kh8 22. Ne6 Rfc8 23. Rcd1 Rc4 24. Bg5 {1-0 (24) Desquiens,S (1933)-Castilla,T ICCF email 2011}) 14... fxe6 15. a4 Nxb4 16. axb5 axb5 17. Ng5 Rxa1 ({Black should try} 17... Qd7 $17 18. Qxb5 Nc6) 18. Rxa1 d5 19. Nxe6 (19. Nxb5 $5 d4 20. Nxe6 $15) 19... Qc8 {[%emt 0:00:10] Double Attack} 20. Nxf8 Qxc3 21. Rc1 Qd3 22. Qxd3 Nxd3 23. Rd1 (23. Rc3 $1 $11) 23... Bxf8 ({Black should try} 23... dxe4 $17 24. Ne6 Nd5) 24. Rxd3 d4 25. Bc1 Nxe4 26. f4 Nc3 27. Kf1 $1 Bd6 28. fxe5 Bxe5 29. Ba3 Ne4 $1 30. Bb2 Nc3 31. Ba3 Ne4 32. Bb2 $11 1/2-1/2

[Event "17th Delhi GM Open 2019-B"]
[Site "Delhi"]
[Date "2019.01.10"]
[Round "5"]
[White "Binayak Rath"]
[Black "Dhanush Ragav N S"]
[Result "0-1"]
[ECO "C80"]
[WhiteElo "1737"]
[BlackElo "1854"]
[Annotator "NA RC"]
[PlyCount "119"]
[EventDate "2019.01.09"]
[EventType "swiss"]
[EventCountry "IND"]
[SourceTitle "playchess.com"]
[Source "ChessBase"]
[SourceQuality "1"]
[TimeControl "3600+30"]

1. e4 e5 2. Nf3 Nc6 3. Bb5 a6 4. Ba4 Nf6 5. O-O Nxe4 6. Re1 Nc5 7. Bxc6 dxc6 8. Nxe5 Be7 9. d4 {[%emt 0:00:00] LiveBook: 39 Games} Nd7 {[%emt 0:00:00] C80: Open Ruy Lopez: Sidelines and 9 Nbd2} (9... Ne6 10. Be3 O-O 11. c4 Re8 12. Nc3 f6 13. Nf3 Nf8 14. Qb3 Bg4 15. Nd2 b6 16. d5 c5 17. h3 Bh5 18. Nde4 Bd6 19. Nxd6 Qxd6 {1-0 (57) Martirosyan,H (2572)-Petrosyan,M (2551) Yerevan 2018}) 10. Nd3 O-O 11. Bf4 Nf6 12. Nd2 $146 ({Predecessor:} 12. c3 Bg4 13. Qb3 Nd5 14. Bg3 Bg5 15. f4 Bh6 16. Nd2 Bf5 17. Ne4 {0-1 (47) Buckan,J-Hanisch,K Germany 2002}) 12... Bg4 13. Nf3 Nd5 14. Bg3 Bd6 15. Bxd6 cxd6 16. c4 Ne7 17. h3 Be6 18. b3 Ng6 19. Qd2 Qf6 20. Qg5 Qxg5 21. Nxg5 Bf5 22. Rad1 Rfe8 23. Kf1 Bxd3+ 24. Rxd3 Rxe1+ 25. Kxe1 h6 26. Nf3 Nf4 $1 27. Rc3 Nxg2+ 28. Kd2 Re8 29. b4 Nf4 30. Ng1 Re4 31. Rc1 Rxd4+ 32. Ke3 c5 33. bxc5 dxc5 34. Nf3 Ng2+ 35. Ke2 Rd7 36. Rg1 $2 (36. Ne5 Nf4+ 37. Ke3) 36... Nf4+ 37. Ke3 g5 38. Nxg5 hxg5 39. Rxg5+ Ng6 40. Rxc5 Kg7 41. Rc8 Kf6 42. f4 Re7+ 43. Kf3 $1 $11 Re1 (43... Nh4+ 44. Kg4) 44. Rc7 Re7 $2 (44... Rf1+ $19 45. Ke3 Rxf4) 45. Rc5 $2 Rd7 46. Kg4 Rd4 47. Rf5+ Kg7 48. c5 f6 49. c6 bxc6 50. Ra5 Rxf4+ 51. Kg3 Rc4 52. Rxa6 $1 Rc3+ 53. Kg4 Rc4+ $2 ({Black should play} 53... Kf7 $19 54. h4 Rc4+ 55. Kf3 Nxh4+ 56. Ke2 Nf5) 54. Kg3 f5 55. Ra3 Kf6 56. Ra8 Kg5 57. a4 Rc3+ 58. Kf2 Rxh3 59. a5 Kf4 60. a6 $19 0-1

[Event "17th Delhi GM Open 2019-B"]
[Site "Delhi"]
[Date "2019.01.10"]
[Round "5"]
[White "Deepak, Rai"]
[Black "Anwar N K"]
[Result "1-0"]
[ECO "A45"]
[WhiteElo "1710"]
[BlackElo "1817"]
[Annotator "NA RC"]
[PlyCount "129"]
[EventDate "2019.01.09"]
[EventType "swiss"]
[EventCountry "IND"]
[SourceTitle "playchess.com"]
[Source "ChessBase"]
[SourceQuality "1"]
[TimeControl "3600+30"]

1. d4 Nf6 2. Bf4 g6 3. Nc3 d5 {[%emt 0:00:00] A45: Trompowsky Attack} 4. e3 Bg7 5. h4 c6 6. Be2 h5 7. Nf3 Bg4 8. Ne5 {[%emt 0:00:00] LiveBook: 15 Games} Bxe2 9. Nxe2 $146 ({Predecessor:} 9. Qxe2 Nbd7 10. O-O-O Nxe5 11. Bxe5 {1-0 (49) Karjakin,S (2785)-Li,C (2720) Doha 2016}) 9... Nbd7 10. Nc1 Qb6 11. Ncd3 c5 12. dxc5 Nxc5 13. O-O O-O 14. Nxc5 Qxc5 15. c3 Rfd8 16. Qb3 Nd7 17. Nd3 Qc4 18. Rfd1 Qxb3 19. axb3 e6 20. b4 a6 21. Ra2 Rac8 22. Ra5 Nb6 23. Nc5 Nc4 24. Ra2 b6 25. Nxa6 Ra8 26. Rda1 (26. b5 $14) 26... Nxb2 27. Rxb2 Bxc3 28. Rba2 Bxa1 29. Rxa1 b5 30. Be5 Rdc8 (30... d4 $11 31. exd4 (31. Bxd4 Rd6 $17) 31... f6) 31. Nc5 Rxa1+ 32. Bxa1 Ra8 33. Be5 Ra2 34. Nb3 (34. Nd7 $16) 34... Ra4 35. Bd6 e5 36. Kf1 f6 37. Ke2 Ra2+ 38. Nd2 Kf7 39. f3 Ke6 40. Bc5 f5 41. f4 d4 42. fxe5 dxe3 43. Kxe3 Kxe5 ({Black should play} 43... f4+ $11 44. Kd3 Kxe5) 44. Nf3+ Kd5 45. g3 Ra8 (45... Rg2 $14) 46. Nd4 (46. Kf4 $142) 46... Re8+ 47. Kf3 Kc4 48. Ne2 Re6 49. Nf4 Ra6 50. Ng2 Re6 (50... Kd5 $142) 51. Ne3+ Kd3 52. Nd5 Kc4 $16 53. Ne7 Ra6 54. Kf4 Re6 55. Kg5 Re4 56. Kxg6 f4 57. gxf4 Rxf4 58. Kxh5 Re4 59. Kg5 Re5+ 60. Nf5 Rxc5 61. bxc5 Kxc5 62. h5 b4 63. Ne3 b3 64. Nd1 Kd4 65. h6 1-0

[Event "17th Delhi GM Open 2019-B"]
[Site "Delhi"]
[Date "2019.01.10"]
[Round "5"]
[White "Dhanasekar, K.."]
[Black "Aryan"]
[Result "1/2-1/2"]
[ECO "B01"]
[WhiteElo "1694"]
[BlackElo "1784"]
[Annotator "NA"]
[PlyCount "181"]
[EventDate "2019.01.09"]
[EventType "swiss"]
[EventCountry "IND"]
[SourceTitle "playchess.com"]
[Source "ChessBase"]
[SourceQuality "1"]
[TimeControl "3600+30"]

1. e4 d5 2. exd5 Qxd5 3. Nc3 Qd8 4. d4 Nf6 5. Bc4 g6 (5... a6 6. Bg5 h6 7. Bxf6 exf6 8. Nf3 Bb4 9. O-O Bxc3 10. bxc3 O-O 11. Re1 Nc6 12. Nh4 Na5 13. Bd3 {1-0 (21) Nakamura,H (2789)-Shaw,J (2454) Baku 2016}) 6. Nf3 {[%emt 0:00:00] B01: Scandinavian Defence} Bg7 7. h3 O-O {[%emt 0:00:00] LiveBook: 6 Games} 8. Be3 {[%emt 0:00:00] White is slightly better.} c6 9. Qd2 Nbd7 10. O-O Nb6 11. Bb3 a5 {[%emt 0:00:00] And now ...a4 would win.} 12. a4 Nbd5 13. Nxd5 cxd5 14. Bh6 $146 b6 15. Bxg7 Kxg7 16. Rfe1 Qd6 17. Qe3 e6 18. Ne5 Ba6 19. c3 Rae8 20. Bc2 Ng8 21. f4 (21. Nd3 $14) 21... f6 $11 22. Nf3 Nh6 23. Qd2 Qc7 24. g4 Nf7 25. Qh2 g5 26. f5 Qxh2+ $1 27. Kxh2 Bc8 28. fxe6 Bxe6 29. Bb3 Nd6 30. Nd2 Rh8 31. Kg3 (31. Re3 $11) 31... h5 $17 32. Bd1 hxg4 33. hxg4 f5 34. Bf3 (34. gxf5 $15 Nxf5+ 35. Kg2) 34... f4+ 35. Kg2 Rh4 36. Re5 Kf6 {[%emt 0:00:00] aiming for ...Nf7.} (36... Nf7 $5 37. Re2 Kf6 $17) 37. Rae1 Nf7 38. R5e2 (38. Rxd5 $11 Rb8 39. Ne4+ Kg7 40. Rb5) 38... Nh6 39. c4 Nxg4 40. cxd5 $2 (40. Bxg4 $15 Rxg4+ 41. Kf2) 40... Ne3+ $19 41. Rxe3 fxe3 $2 (41... Bh3+ $19 {has better winning chances.} 42. Kf2 fxe3+ 43. Rxe3 Rxe3 44. Kxe3 Bf5) 42. Ne4+ $17 {[%emt 0:00:01] [#]} Rxe4 $1 43. Bxe4 {[%emt 0:00:03] Endgame KRB-KRB} Bh3+ {[%emt 0:00:59] Discovered Attack} 44. Kf3 {[%emt 0:01:15] [#]} Bg2+ $1 {[%emt 0:00:00] Deflection} 45. Kxg2 Rxe4 {[%emt 0:00:01] KR-KR} 46. Kf3 Rxd4 47. Rxe3 Rxd5 (47... Rxa4 $17 {White must now prevent ...Rb4.} 48. Re6+ Kf5) 48. Rb3 $11 Rd6 49. Rb5 Rd3+ 50. Ke4 Rd6 51. Kf3 Rc6 52. Ke4 $2 (52. b4 $11 {and White stays safe.}) 52... Kg6 $2 (52... Rc4+ $19 53. Kf3 Rb4) 53. Kf3 Kh5 54. Kg3 Rd6 55. Rb3 Re6 56. Rb5 (56. Kh3 $1 $11) 56... Re3+ $15 57. Kf2 Re4 $1 58. Rxb6 Rxa4 {[%emt 0:00:01] Strongly threatening ...Rb4.} 59. Ra6 Kg4 60. b4 $2 (60. Kg2 $1 $15) 60... Rxb4 $2 ({Better is} 60... Ra2+ $19 61. Ke1 a4) 61. Rxa5 $11 Rb2+ 62. Kg1 $1 Kh4 (62... Rb3 {seems wilder.} 63. Ra2 Rf3 64. Kg2 Rg3+ 65. Kh1 Kh4) 63. Ra3 g4 64. Rc3 Rb8 65. Rd3 Rf8 66. Kg2 Rc8 67. Kg1 Rc4 68. Rb3 Kg5 69. Ra3 Kf4 70. Rb3 Re4 71. Kf2 Rc4 72. Ra3 Rc2+ 73. Kg1 Rc8 74. Ra4+ Kg3 (74... Kg5 {looks sharper.} 75. Ra3 Kh5 76. Kg2 Kh4 77. Re3 Rc2+) 75. Ra3+ Kh4 76. Rb3 Rh8 77. Ra3 Rf8 78. Kg2 Rf7 79. Rb3 Rc7 80. Ra3 Rc2+ 81. Kg1 Rc4 82. Rb3 $1 Rd4 83. Ra3 g3 84. Ra1 (84. Ra7 $1 $11) 84... Kh3 $15 85. Rb1 Rd2 86. Ra1 Rb2 87. Rc1 $1 Rg2+ 88. Kh1 Rh2+ 89. Kg1 Rg2+ 90. Kh1 Rf2 91. Kg1 {[%emt 0:00:00] Accuracy: White = 47%, Black = 47%.} 1/2-1/2